Map: Triton LE

Players

Future - Winner!

  • Race: Terran Terran
  • Spawn Location: 5:00

RlSky (RiSky)

  • Race: Zerg Zerg
  • Spawn Location: 11:00

Event: NationWars 2019

VOD

Have the link to the VOD?

Description

Time

  • Played on: Oct. 12, 2019, 2:13 p.m.
  • Length: 16:29
Show
View Real Time Build Order
Export as new Build Order

Future Terran - Winner!

Build Orders: Hellion Opening, Reaper Expand 

Get SALT Encoding   

  12  0:00  SCV  
  13  0:13  SCV  
  14  0:17  Supply Depot  
  14  0:25  SCV  
  15  0:38  SCV  
  15  0:40  Barracks  
  16  0:44  Refinery  
  16  0:50  SCV  
  17  1:02  SCV  
  18  1:14  SCV  
  19  1:27  Orbital Command, Reaper  
  20  1:38  Command Center  
  20  1:50  Supply Depot  
  20  1:53  SCV  
  21  1:59  Marine  
  22  2:03  Factory  
  22  2:08  SCV  
  23  2:10  Refinery  
  23  2:20  SCV  
  23  2:21  Barracks Reactor  
  24  2:32  SCV  
  25  2:44  SCV  
  25  2:49  Starport  
  26  2:53  Orbital Command  
  26  2:56  SCV  
  27  3:03  Hellion x2  
  31  3:07  Barracks Tech Lab  
  31  3:08  SCV  
  32  3:19  SCV  
  33  3:20  SCV  
  33  3:24  Supply Depot, Hellion x2  
  33  3:26  Stimpack  
  38  3:27  Marine  
  38  3:31  SCV  
  38  3:32  Starport Tech Lab  
  38  3:33  SCV  
  41  3:42  Viking  
  41  3:43  SCV  
  41  3:45  SCV  
  41  3:47  Hellion  
  47  3:51  Hellion  
  47  3:54  Marine  
  50  3:56  Supply Depot  
  50  3:57  SCV  
  50  3:58  SCV  
  52  4:09  SCV  
  53  4:10  SCV  
  54  4:18  Command Center  
  54  4:21  SCV  
  54  4:22  SCV  
  56  4:26  Supply Depot  
  56  4:28  Marine  
  56  4:29  Factory Reactor  
  57  4:33  SCV  
  57  4:34  SCV  
  57  4:36  Barracks  
  59  4:40  Barracks, Starport Tech Lab  
  59  4:45  SCV  
  59  4:46  SCV, Marine  
  59  4:51  Engineering Bay  
  59  4:52  Engineering Bay  
  62  4:57  Refinery  
  62  4:58  Refinery  
  62  4:59  SCV x2  
  64  5:04  Supply Depot, Marine  
  65  5:11  SCV x2  
  65  5:13  Starport Reactor  
  67  5:19  Terran Infantry Weapons Level 1, Terran Infantry Armor Level 1  
  67  5:23  SCV x2  
  67  5:24  Marine  
  67  5:25  Marine  
  67  5:26  Siege Tank  
  72  5:28  Combat Shield  
  72  5:31  Orbital Command  
  72  5:34  Marine  
  72  5:35  SCV, Marine  
  75  5:36  SCV  
  75  5:37  Marine  
  75  5:42  Marine  
  77  5:45  Marine  
  77  5:47  SCV  
  77  5:48  SCV  
  81  5:50  Supply Depot  
  81  5:51  Marine  
  81  5:54  Marine  
  81  5:56  Marine  
  84  5:59  SCV, Orbital Command  
  84  6:00  SCV, Siege Tank, Marine  
  84  6:03  Medivac  
  92  6:11  SCV, Supply Depot x2, Medivac  
  92  6:12  SCV  
  92  6:15  Marine x4  
  100  6:23  SCV  
  101  6:31  Armory, Supply Depot  
  101  6:32  SCV x2, Marine  
  104  6:33  Supply Depot  
  104  6:35  Marine x3  
  104  6:36  Siege Tank  
  111  6:40  SCV  
  111  6:44  Medivac x2  
  115  6:48  SCV x2  
  115  6:51  Barracks  
  115  6:52  Barracks  
  115  6:53  SCV  
  118  6:55  Supply Depot  
  118  6:56  Supply Depot  
  118  7:00  SCV x2, Marine  
  118  7:01  Marine x3  
  121  7:07  SCV  
  125  7:14  SCV  
  126  7:18  Refinery  
  126  7:19  SCV  
  126  7:21  SCV  
  124  7:25  Terran Infantry Armor Level 2, Terran Infantry Weapons Level 2  
  124  7:26  SCV, Marine x5  
  129  7:30  Siege Tank, Medivac x2  
  129  7:31  SCV  
  129  7:33  SCV  
  129  7:35  Refinery  
  129  7:36  Supply Depot  
  138  7:41  Marine x2  
  138  7:44  Marine  
  138  7:50  Marine  
  140  7:56  Marine x3  
  137  7:59  Marine x2  
  137  8:00  Medivac x2  
  137  8:02  Siege Tank  
  137  8:04  Marine  
  144  8:09  Supply Depot  
  144  8:12  Command Center, Marine  
  136  8:22  Marine  
  136  8:23  Marine x2  
  136  8:26  Marine  
  121  8:29  Barracks, Marine  
  121  8:30  Barracks x2  
  121  8:31  Barracks Reactor x2  
  120  8:34  Siege Tank  
  120  8:36  Medivac  
  120  8:38  Medivac  
  120  8:40  Marine  
  120  8:41  Marine x2  
  128  8:43  Marine  
  128  8:47  Marine  
  132  8:57  Terran Vehicle And Ship Armor Level 1, Marine  
  132  8:59  Factory, Marine x2  
  132  9:01  Marine  
  136  9:05  Marine  
  136  9:06  Siege Tank  
  136  9:07  Marine x2  
  136  9:08  Medivac, Marine  
  136  9:09  Medivac  
  147  9:15  Marine  
  147  9:16  Marine  
  149  9:17  Marine  
  149  9:19  Marine  
  149  9:21  Marine x3  
  149  9:23  Marine  
  155  9:28  Refinery, Marine  
  155  9:29  Marine  
  152  9:38  Marine  
  133  9:39  Marine  
  133  9:40  Marine  
  133  9:43  Siege Tank, Marine  
  133  9:44  Marine x3  
  140  9:51  Marine x4  
  140  9:55  Medivac  
  140  9:56  Marine x2  
  140  9:57  Marine  
  140  9:59  Orbital Command  
  135  10:01  Marine  
  135  10:05  Marine  
  134  10:17  Siege Tank  
  140  10:25  Terran Infantry Armor Level 3, Terran Infantry Weapons Level 3, Marine  
  132  10:30  Refinery  
  132  10:35  Marine  
  132  10:38  Marine  
  132  10:41  Marine  
  138  10:50  Siege Tank  
  138  10:51  Medivac x2  
  138  10:53  Barracks Reactor  
  138  10:54  Marine x6  
  138  10:57  Marine  
  148  10:59  Marine  
  148  11:03  Liberator  
  150  11:07  Marine  
  151  11:12  Marine x2  
  151  11:13  Marine  
  151  11:14  Marine  
  151  11:15  Marine  
  149  11:22  Siege Tank, Barracks Tech Lab x2  
  149  11:24  Barracks Tech Lab  
  138  11:34  Marine x6  
  138  11:35  Marauder  
  137  11:41  Marauder x2  
  137  11:42  Marauder  
  137  11:45  Refinery  
  142  11:50  Marine x2  
  142  11:52  Marine x2  
  132  11:55  Liberator, Siege Tank  
  132  11:57  Marauder  
  132  12:00  Marine  
  137  12:01  Marine x3  
  137  12:02  Marauder x2  
  137  12:03  Marauder  
  137  12:08  Marine x2  
  147  12:10  Marine x2  
  137  12:18  Marauder, Marine  
  137  12:19  Marine x3  
  141  12:23  Liberator, Marauder  
  141  12:24  Marauder, Marine  
  141  12:26  Marine  
  141  12:27  Marine  
  141  12:28  Marine x2  
  148  12:34  Supply Depot  
  148  12:36  Marine  
  149  12:37  Supply Depot, Marine  
  149  12:39  Marauder  
  149  12:40  Marine  
  149  12:42  Marine  
  149  12:43  Marauder, Marine  
  160  12:45  Marauder x2  
  160  12:46  Marine  
  165  12:55  Marine x2  
  165  12:56  Siege Tank  
  170  13:04  Marauder  
  164  13:06  Marine  
  164  13:07  Marauder  
  164  13:09  Marauder x2  
  164  13:12  Marine x4  
  165  13:33  Marine x2  
  165  13:37  Orbital Command  
  165  13:50  Marine  
  165  13:53  Marauder  
  165  13:54  Marine  
Show
View Real Time Build Order
Export as new Build Order

RlSky Zerg 

Build Orders: Hatch First 

Get SALT Encoding   

  12  0:00  Drone  
  13  0:12  Overlord  
  13  0:17  Drone  
  14  0:30  Drone x2  
  16  0:49  Hatchery  
  15  0:52  Drone  
  15  0:55  Drone  
  17  0:58  Drone  
  18  1:11  Extractor  
  17  1:15  Spawning Pool  
  17  1:17  Drone  
  17  1:21  Drone  
  18  1:28  Drone  
  19  1:40  Drone  
  20  1:49  Overlord  
  20  2:01  Queen x2  
  20  2:02  Zergling x4  
  26  2:11  Drone x2  
  28  2:27  Hatchery  
  27  2:33  Drone  
  27  2:36  Drone  
  29  2:45  Drone  
  29  2:48  Pneumatized Carapace  
  29  2:50  Overlord  
  30  2:54  Drone x3  
  30  2:55  Metabolic Boost  
  33  2:58  Drone  
  33  3:04  Drone  
  35  3:06  Drone  
  35  3:09  Drone x2  
  35  3:12  Drone  
  39  3:16  Drone  
  39  3:17  Queen  
  42  3:21  Overlord  
  42  3:26  Drone  
  43  3:29  Drone  
  44  3:37  Overlord  
  44  3:38  Queen  
  44  3:40  Drone  
  47  3:42  Drone  
  47  3:46  Drone  
  47  3:48  Drone, Queen  
  50  3:49  Drone  
  50  3:51  Drone  
  50  3:54  Drone, Queen  
  57  3:59  Zergling x2  
  57  4:00  Zergling x2  
  59  4:04  Overlord  
  59  4:05  Drone  
  60  4:11  Drone  
  60  4:13  Drone x2  
  63  4:22  Overlord  
  63  4:23  Lair  
  63  4:24  Drone  
  63  4:25  Queen  
  63  4:27  Overlord  
  66  4:38  Overlord x2  
  66  4:40  Extractor  
  66  4:41  Drone x2  
  66  4:42  Drone x2  
  66  4:45  Drone x2  
  70  4:47  Drone x3, Baneling Nest  
  70  4:51  Zergling x2  
  74  4:54  Drone, Queen  
  74  4:55  Overlord  
  74  4:58  Overlord  
  78  5:00  Drone  
  78  5:01  Evolution Chamber  
  78  5:02  Drone x2  
  78  5:06  Extractor  
  79  5:07  Extractor  
  79  5:08  Drone x2  
  79  5:10  Extractor  
  79  5:14  Drone  
  80  5:17  Overlord  
  80  5:19  Drone x2  
  80  5:20  Zergling x2  
  80  5:21  Zergling x2  
  84  5:23  Hatchery  
  84  5:25  Zergling x4  
  84  5:27  Drone  
  86  5:28  Drone  
  86  5:31  Centrifical Hooks  
  86  5:34  Drone x3  
  90  5:35  Drone  
  91  5:45  Drone x2  
  91  5:46  Drone x2  
  93  5:51  Evolution Chamber  
  93  5:52  Evolution Chamber  
  93  5:55  Drone  
  93  5:56  Overseer, Drone x3  
  95  5:57  Hatchery  
  95  5:58  Zergling x4  
  95  6:00  Baneling x4  
  95  6:02  Zergling x4  
  98  6:09  Zergling x8  
  102  6:15  Zergling x2  
  102  6:18  Zerg Melee Weapons Level 1, Zerg Ground Armor Level 1  
  103  6:19  Zergling x2  
  103  6:21  Infestation Pit  
  103  6:22  Zergling x2  
  103  6:23  Spore Crawler  
  103  6:26  Baneling x5  
  103  6:27  Baneling x5  
  103  6:28  Drone x2  
  103  6:30  Drone  
  106  6:35  Drone  
  106  6:38  Drone  
  106  6:39  Overlord  
  108  6:44  Drone x2  
  108  6:45  Drone x2  
  112  6:48  Overlord  
  112  6:49  Overlord  
  112  6:52  Overlord  
  112  6:57  Overlord, Queen  
  112  6:58  Zergling x6  
  112  6:59  Zergling x4  
  118  7:03  Zergling x2  
  118  7:06  Queen  
  121  7:09  Zergling x16  
  121  7:13  Zergling x4  
  121  7:14  Queen  
  133  7:19  Zergling x10  
  133  7:24  Zergling x6  
  133  7:28  Zergling x2  
  132  7:31  Baneling x7  
  132  7:32  Hatchery, Baneling x5  
  132  7:34  Zergling x8  
  135  7:37  Zergling x6  
  135  7:39  Hive  
  135  7:41  Zergling x4  
  140  7:44  Zergling x2  
  140  7:45  Zergling x4  
  140  7:51  Zergling x4  
  143  7:55  Zergling x4  
  143  7:56  Zergling x4  
  143  8:03  Zergling x2  
  143  8:04  Zergling x10  
  145  8:11  Zergling x6  
  145  8:18  Zergling x12  
  140  8:23  Zergling x2  
  140  8:24  Zergling x6  
  140  8:26  Zergling x2  
  125  8:28  Baneling x3  
  125  8:29  Zerg Ground Armor Level 2, Zerg Melee Weapons Level 2  
  125  8:31  Baneling x9  
  125  8:33  Zergling x8  
  129  8:37  Zergling x4  
  129  8:41  Queen x2  
  125  8:43  Zergling x2  
  125  8:44  Zergling x8  
  131  8:49  Zergling x10  
  135  8:56  Zergling x2  
  135  8:57  Zergling x6  
  135  8:59  Baneling x9  
  135  9:02  Zergling x12  
  144  9:10  Adrenal Glands  
  144  9:11  Zergling x10  
  144  9:12  Ultralisk Cavern  
  144  9:13  Zergling x6  
  151  9:20  Zergling x12  
  151  9:21  Hatchery  
  154  9:24  Zergling x2  
  154  9:27  Zergling x6  
  157  9:34  Zergling x4  
  157  9:38  Zergling x8  
  153  9:39  Zergling x2  
  153  9:40  Zergling x6  
  153  9:42  Overlord  
  158  9:47  Overlord x2  
  158  9:49  Overlord  
  158  9:52  Drone x2  
  157  9:53  Drone  
  146  10:00  Zergling x18  
  146  10:03  Zergling x4  
  146  10:05  Chitinous Plating  
  152  10:09  Zergling x8  
  152  10:10  Baneling x14  
  152  10:13  Zergling x10  
  159  10:19  Zergling x2  
  145  10:22  Ultralisk x2  
  145  10:26  Overseer x2  
  145  10:28  Nydus Network  
  156  10:30  Zergling x14  
  156  10:31  Zergling x2, Nydus Network  
  158  10:37  Zergling x14  
  158  10:40  Baneling x7  
  158  10:42  Zergling x4  
  163  10:44  Zergling x4  
  163  10:46  Zergling x6  
  169  10:50  Zergling x4  
  169  10:53  Zergling x8  
  169  10:56  Zergling x4  
  169  10:57  Zergling x8  
  177  11:01  Zergling x4  
  180  11:05  Baneling  
  180  11:06  Baneling x14  
  180  11:07  Zergling x4  
  176  11:11  Zergling x2  
  176  11:12  Zergling x8  
  166  11:20  Baneling  
  166  11:21  Zergling x4, Baneling x8  
  166  11:22  Zergling x8  
  166  11:24  Anabolic Synthesis, Zergling x2  
  166  11:25  Zergling x6  
  166  11:31  Zergling x14  
  160  11:35  Zergling x10  
  160  11:38  Zergling x6  
  154  11:43  Zergling x2  
  154  11:44  Zergling x8  
  147  11:51  Zergling x8  
  147  11:59  Nydus Canal  
  147  12:01  Zergling x18  
  147  12:05  Zergling x2  
  147  12:06  Zergling x8  
  153  12:12  Zergling x12  
  143  12:17  Zergling x8  
  143  12:22  Zergling x4  
  147  12:33  Overseer, Ultralisk  
  147  12:34  Zergling x2  
  147  12:35  Zergling x10  
  155  12:38  Drone x4  
  155  12:39  Drone  
  155  12:41  Baneling x4  
  155  12:42  Baneling x2  
  160  12:44  Nydus Canal  
  160  12:47  Hatchery  
  160  12:49  Baneling x2  
  159  12:51  Baneling x7  
  159  12:52  Baneling x4  
  159  12:54  Zergling x2  
  159  12:55  Zergling x4  
  159  13:03  Ultralisk  
  144  13:07  Zergling x16  
  144  13:11  Zergling x6  
  133  13:16  Zergling x8  
  133  13:19  Zergling x2  
  135  13:20  Zergling x2  
  135  13:23  Zergling x2  
  135  13:24  Zergling x6  
  130  13:28  Zergling x4  
  130  13:32  Zergling x6  
  99  13:44  Zergling x16  
  98  13:52  Zergling x10  
Tags
 
Add a new tag
Caveats
  • Supply blocks, unpowered buildings, or Contaminate may cause inaccurate times.
  • Supply counts are checked every 10 seconds.